 Dungeon Crawl Stone Soup version 0.18-a0-5-gf1fb587 (webtiles) character file.

17574 4thArraOfDagon the Impaler (level 12, -3/96 (97) HPs)
             Began as a Merfolk Gladiator on Oct 31, 2015.
             Was a High Priest of Cheibriados.
             Slain by a yaktaur captain (28 damage)
             ... on level 13 of the Dungeon.
             The game lasted 00:35:46 (6071 turns).

4thArraOfDagon the Impaler (Merfolk Gladiator)      Turns: 6071, Time: 00:35:46

HP:   -3/96 (97)    AC:  5    Str: 28    XL:     12   Next: 49%
MP:   18/18         EV: 28    Int: 24    God:    Cheibriados [*****.]
Gold: 479           SH:  0    Dex: 26    Spells: 1 memorised, 5 levels left

rFire  . . .     SeeInvis .     M - +0 glaive
rCold  . . .     Clarity  .     z - troll hide
rNeg   . . .     SustAt   .     (no shield)
rPois  .         Gourm    .     c - +0 helmet
rElec  .         Spirit   .     q - +0 cloak
rCorr  .         Warding  .     m - +0 pair of gloves
rMut   .         Stasis   .     (no boots)
MR     .....                    I - amulet of faith
Stlth  ++........               (no ring)
                                K - +3 ring of evasion

@: very slow, not resistant to hostile enchantments, unstealthy
A: change form in water, swift swim
a: Bend Time, Temporal Distortion, Slouch, Step From Time, Renounce Religion


You were on level 13 of the Dungeon.
You worshipped Cheibriados.
Cheibriados was extremely pleased with you.
You were not hungry.

You visited 1 branch of the dungeon, and saw 15 of its levels.

You collected 479 gold pieces.

Inventory:

Hand Weapons
 a - a +0 trident
 d - a +0 blowgun
 f - a +2 spear of piercing
 M - a +0 glaive (weapon)
Missiles
 j - 7 curare-tipped needles
 D - 9 steel tomahawks (quivered)
Armour
 c - a +0 helmet (worn)
 m - a +0 pair of gloves (worn)
 q - a +0 cloak (worn)
 z - a troll hide (worn)
 F - a +0 chain mail of cold resistance
 J - a +1 ring mail of fire resistance
Magical Staves
 y - an uncursed staff of poison {unknown}
Jewellery
 I - an amulet of faith (around neck)
 K - a +3 ring of evasion (left hand)
Wands
 h - a wand of invisibility (3)
 r - a wand of teleportation (7)
 t - a wand of slowing (27)
 u - a wand of lightning (11)
 A - a wand of polymorph (17)
 B - a wand of lightning (11)
 E - a wand of slowing (13)
Scrolls
 b - a scroll of random uselessness
 L - a scroll of recharging
 N - a scroll of remove curse
Potions
 l - a potion of flight {unknown}
 o - 2 potions of cancellation
 p - 3 potions of mutation {unknown}
 s - a potion of lignification
 v - 2 potions of curing {unknown}
 w - a potion of brilliance {unknown}
 G - a potion of agility {unknown}
 H - a potion of might
 O - a potion of poison {unknown}
Books
 x - a book of Debilitation

   Spells                             Type                      Level
   a - Corona                         Hexes                        1
   b - Slow                           Hexes                        2
   c - Gell's Gravitas                Hexes/Translocation          3
   d - Inner Flame                    Hexes/Fire                   3
   e - Cause Fear                     Hexes                        4
   f - Leda's Liquefaction            Hexes/Earth                  4
 C - a book of the Earth

   Spells                             Type                      Level
   a - Leda's Liquefaction            Hexes/Earth                  4
   b - Bolt of Magma                  Conjuration/Fire/Earth       5
   c - Statue Form                    Transmutation/Earth          6
   d - Iron Shot                      Conjuration/Earth            6
   e - Shatter                        Earth                        9
Comestibles
 e - 5 bread rations
 g - 7 meat rations
 i - 4 beef jerkies
 k - 2 royal jellies
 n - 6 chunks of flesh


   Skills:
 + Level 9.8 Fighting
 * Level 17.0 Polearms
 - Level 2.0 Throwing
 + Level 11.6 Dodging
 + Level 0.1 Spellcasting
 * Level 1.8 Transmutations
 * Level 0.2 Earth Magic
 + Level 8.6 Invocations
 - Level 6.0 Evocations


You had 5 spell levels left.
You knew the following spells:

 Your Spells              Type           Power        Failure   Level  Hunger
a - Statue Form           Trmt/Erth      #........    100%        6    #######


Dungeon Overview and Level Annotations

Branches:
Dungeon (15/15)            Temple (0/1) D:4            Lair (0/8) D:8
    Orc (0/4) D:11
 Vaults: D:13-14     Depths: D:15

Altars:
Cheibriados
Fedhas
Gozag
Kikubaaqudgha
Makhleb
Ru
Trog
Xom
Zin

Shops:
D:8 *   D:14 (

Portals:
Trove: D:14 (give 2 scrolls of acquirement)

Annotations:
D:5 cireshan's ghost, amateur DrIE
D:7 tp1's ghost, novice DEWz
D:10 radek's ghost, novice DECj
D:12 Duffy's ghost, journeyman NaEn; xeno23's ghost, journeyman DDNe


Message History

Unknown command.
Unknown command.
The yaktaur captain shoots a bolt.
The bolt hits you!!
The yaktaur captain shoots a bolt.
The bolt completely misses you.
Found 20 stones.
You see here a bolt.
Unknown command.
Unknown command.
Unknown command.
Unknown command.
Unknown command.
The yaktaur captain shoots a bolt.
The bolt hits you!!!
You see here a bolt.
Unknown command.
Unknown command.
The yaktaur captain unwields an uncursed arbalest.
The yaktaur captain hits you.
* * * LOW HITPOINT WARNING * * *
The yaktaur captain hits you!!
You die...

.##.#.#.#..# ## #.......#
.##.#.#.#..... ...#.......######
...##.#...##.#####.#.............
...##.#.#.. ....................
...##.#.#.#( .#..#.##.......#####
...##.###.#.. #..#.##............
...##.# .#.#.#..#.##.......#.###
...# #...?..#.##.......#.# ...#
###.##@#.##.......... ####
......c.((##..........(
.#.#.##.................
..........(..###......
######........# #......
...........# #...... ########
###........# #......# ####.##.##
#......# #.# .#


You could see a yaktaur captain.

Vanquished Creatures
  Roxanne (D:14)
  2 tengu warriors (D:13)
  An unseen horror (D:10)
  An ugly thing (D:10)
  A hill giant (D:11)
  2 cyclopes (D:14)
  A griffon (D:14)
  2 gargoyles
  3 trolls
  A slime creature (D:13)
  A shadow (D:14)
  A trapdoor spider (D:10)
  A basilisk (D:14)
  A wraith (D:11)
  2 deep elf magi (D:10)
  2 hippogriffs
  10 yaks
  A mottled dragon (D:11)
  2 wargs (D:8)
  3 phantoms
  8 orc warriors
  A necrophage (D:10)
  A water moccasin (D:10)
  5 black bears
  7 ogres
  2 sky beasts
  2 centaurs
  4 ice beasts
  A crocodile (D:14)
  5 big kobolds
  4 giant frogs
  The ghost of Conn321 the Conjurer, an amateur SpCj (D:3)
  2 gnoll sergeants (D:11)
  5 scorpions
  15 killer bees
  A jelly (D:7)
  4 crimson imps
  A wasp zombie (D:9)
  A giant frog zombie (D:10)
  3 centaur zombies
  12 orc priests
  A gnoll shaman (D:3)
  A giant frog skeleton (D:9)
  6 hounds
  3 iguanas
  Jessica (D:2)
  4 centaur skeletons
  12 orc wizards
  9 worker ants
  A killer bee zombie (D:9)
  A hound zombie (D:8)
  A hound skeleton (D:8)
  Robin (D:3)
  4 adders
  A worker ant zombie (D:8)
  15 gnolls
  2 shadow imps (D:5)
  An ooze (D:1)
  An adder skeleton (D:4)
  2 worms (D:4)
  54 orcs
  6 bats
  6 hobgoblins
  5 quokkas
  A ball python (D:3)
  A giant cockroach (D:5)
  6 giant geckos
  3 giant newts
  12 goblins
  15 jackals
  A jackal skeleton (D:8)
  17 kobolds
  A quokka zombie (D:7)
  3 rats
322 creatures vanquished.

Notes
Turn   | Place    | Note
--------------------------------------------------------------
     0 | D:1      | 4thArraOfDagon the Merfolk Gladiator began the quest for the Orb.
     0 | D:1      | Reached XP level 1. HP: 16/16 MP: 1/1
    75 | D:1      | Reached XP level 2. HP: 20/23 MP: 2/2
   114 | D:3      | Noticed Robin
   133 | D:3      | Reached skill level 5 in Polearms
   162 | D:3      | Noticed Conn321's ghost (amateur SpCj)
   169 | D:3      | Killed Robin
   169 | D:3      | Reached XP level 3. HP: 18/28 MP: 3/3
   176 | D:3      | HP: 1/28 [Conn321's ghost (1)]
   178 | D:3      | Killed Conn321's ghost
   178 | D:3      | Reached skill level 6 in Polearms
   178 | D:3      | Reached XP level 4. HP: 1/35 MP: 4/4
   392 | D:5      | Entered Level 5 of the Dungeon
   413 | D:5      | Reached XP level 5. HP: 21/41 MP: 5/5
   441 | D:5      | Found an opulent altar of Gozag.
   503 | D:7      | Noticed a black bear
   505 | D:7      | Found a bloodstained altar of Trog.
   505 | D:7      | Noticed a black bear
   594 | D:6      | Reached skill level 7 in Polearms
   631 | D:6      | Noticed an ice beast
   637 | D:5      | Noticed cireshan's ghost (amateur DrIE)
   639 | D:5      | Noticed an ogre
   681 | D:6      | HP: 1/41 [ice beast (9)]
   694 | D:6      | Killed an ice beast
   694 | D:6      | Reached skill level 5 in Dodging
   694 | D:6      | Reached XP level 6. HP: 36/48 MP: 6/6
   753 | D:6      | Noticed an ice beast
   769 | D:6      | Found a blossoming altar of Fedhas.
   790 | D:6      | Reached skill level 8 in Polearms
   927 | D:7      | Reached XP level 7. HP: 29/55 MP: 7/7
   965 | D:7      | Killed a black bear
   965 | D:7      | Reached skill level 9 in Polearms
  1007 | D:7      | Noticed a black bear
  1021 | D:7      | Killed a black bear
  1054 | D:8      | Found a burning altar of Makhleb.
  1080 | D:8      | Reached skill level 5 in Fighting
  1103 | D:8      | Reached skill level 10 in Polearms
  1163 | D:8      | Found a shimmering altar of Xom.
  1166 | D:8      | Found an ancient bone altar of Kikubaaqudgha.
  1177 | D:8      | Found a snail-covered altar of Cheibriados.
  1187 | D:8      | Became a worshipper of Cheibriados the Contemplative
  1226 | D:8      | Reached XP level 8. HP: 5/62 MP: 8/8
  1231 | D:8      | HP: 2/93 [hound (4)]
  1258 | D:8      | Reached skill level 1 in Invocations
  1384 | D:8      | Was placed under penance by Cheibriados
  1405 | D:7      | Noticed a sky beast
  1416 | D:7      | Killed a sky beast
  1468 | D:7      | Noticed an ogre
  1479 | D:7      | Killed an ogre
  1479 | D:7      | Reached skill level 11 in Polearms
  1525 | D:7      | Killed a black bear
  1536 | D:7      | Noticed a black bear
  1556 | D:7      | Killed a black bear
  1568 | D:7      | Noticed an ogre
  1592 | D:7      | Killed an ogre
  1592 | D:7      | Reached XP level 9. HP: 33/69 MP: 11/11
  1622 | D:7      | Was forgiven by Cheibriados
  1658 | D:7      | Noticed tp1's ghost (novice DEWz)
  1783 | D:4      | Reached skill level 12 in Polearms
  1973 | D:2      | Noticed Jessica
  1989 | D:2      | Killed Jessica
  2350 | D:3      | Reached * piety under Cheibriados
  2375 | D:4      | Found a staircase to the Ecumenical Temple.
  2617 | D:4      | Noticed a phantom
  2650 | D:4      | Killed a phantom
  2701 | D:5      | Noticed an orc warrior
  2780 | D:6      | Killed an ice beast
  2783 | D:6      | Noticed an orc warrior
  2801 | D:6      | Killed an orc warrior
  3015 | D:8      | Found Zin's Purification Station.
  3035 | D:8      | Reached ** piety under Cheibriados
  3075 | D:8      | Found a glowing silver altar of Zin.
  3113 | D:8      | Found a sacrificial altar of Ru.
  3167 | D:8      | Reached skill level 13 in Polearms
  3237 | D:8      | Reached skill level 5 in Invocations
  3266 | D:8      | Found a staircase to the Lair.
  3270 | D:8      | Paralysed by an orc priest for 3 turns
  3293 | D:9      | Reached XP level 10. HP: 37/79 MP: 13/13
  3509 | D:9      | Reached *** piety under Cheibriados
  3546 | D:9      | Reached skill level 1 in Evocations
  3679 | D:10     | Entered Level 10 of the Dungeon
  3833 | D:9      | Reached skill level 14 in Polearms
  3869 | D:9      | Reached **** piety under Cheibriados
  4117 | D:10     | Killed an unseen horror
  4180 | D:10     | Noticed radek's ghost (novice DECj)
  4294 | D:11     | Reached ***** piety under Cheibriados
  4294 | D:11     | Reached skill level 10 in Dodging
  4473 | D:11     | Reached XP level 11. HP: 74/85 MP: 15/15
  4546 | D:12     | Noticed Duffy's ghost (journeyman NaEn)
  4546 | D:12     | Noticed xeno23's ghost (journeyman DDNe)
  4620 | D:11     | Noticed a purple ugly thing
  4632 | D:10     | Killed a purple ugly thing
  4632 | D:10     | Reached skill level 15 in Polearms
  4791 | D:11     | Noticed a hill giant
  4800 | D:11     | Killed a hill giant
  4856 | D:11     | Found a staircase to the Orcish Mines.
  4908 | D:11     | You fall through a shaft for 3 floors!
  4985 | D:14     | Noticed a vault guard
  4986 | D:14     | Noticed a vault guard
  5099 | D:14     | Reached skill level 16 in Polearms
  5099 | D:14     | Reached skill level 5 in Evocations
  5154 | D:14     | Found Awnetzok's Weapon Boutique.
  5259 | D:14     | Found a portal to a secret trove of treasure.
  5354 | D:14     | Reached XP level 12. HP: 49/95 MP: 17/17
  5623 | D:13     | Noticed a tengu warrior
  5623 | D:13     | Noticed a tengu warrior
  5628 | D:13     | Killed a tengu warrior
  5628 | D:13     | Killed a tengu warrior
  5717 | D:14     | Noticed Roxanne
  5737 | D:14     | Killed Roxanne
  5737 | D:14     | Reached skill level 17 in Polearms
  5757 | D:14     | Learned a level 6 spell: Statue Form
  5920 | D:15     | Entered Level 15 of the Dungeon
  5927 | D:14     | Reached skill level 1 in Transmutations
  6064 | D:13     | Noticed a yaktaur captain
  6071 | D:13     | Slain by a yaktaur captain

Vault maps used:
D:1:      dpeg_arrival_central
D:2:      lemuel_round_altar, overflow_temple_1_default, marbit_many_paths,
          first_bread, serial_bayou_crossing, uniq_jessica
D:3:      lemuel_zombie_altar_yredelemnul, hex_tiny, uniq_robin
D:4:      minmay_temple_entry_junction2
D:5:      nicolae_overflow_hidden_temple, nemelex_deck
D:6:      fedhas_altar_1
D:7:      black_bear_nest_1, trog_ov_bears_minmay
D:8:      zin_purify, nicolae_overflow_crystal_walls,
          grunt_temple_overflow_open, erik_lair_orcish_takeover, basic_altar,
          serial_shops, nicolae_shop_stone
D:9:      uniq_maurice
D:11:     kennysheep_orc_monster_closet_entryway, serial_shops, shop,
          minmay_misc_feat_room, grunt_tengu_nest
D:13:     special_room, bh_walls_and_bars, uniq_rupert, uniq_urug
D:14:     grunt_vaults_entry_fortified, serial_shops, shop,
          infiniplex_staircase_pillars_1, nicolae_trove_entry_columns,
          uniq_roxanne
D:15:     hangedman_depths_entry_try_elsewhere_first, minmay_misc_feat_chi,
          basic_altar

Action                   |  1- 3 |  4- 6 |  7- 9 | 10-12 || total
-------------------------+-------+-------+-------+-------++-------
Melee: Spear             |    68 |   136 |   621 |   596 ||  1421
       Glaive            |       |       |       |    92 ||    92
 Fire: Blowgun           |       |     2 |    25 |    15 ||    42
Throw: Throwing net      |       |     7 |       |     8 ||    15
       Tomahawk          |       |       |       |     3 ||     3
Invok: Slouch            |       |       |       |     8 ||     8
Evoke: Wand              |       |       |     1 |       ||     1
  Use: Potion            |     1 |     2 |     4 |     1 ||     8
       Scroll            |       |       |     3 |     9 ||    12
 Stab: Held in net/web   |       |     4 |       |    16 ||    20
       Invisible         |       |       |     2 |       ||     2
       Sleeping          |       |       |       |     1 ||     1
  Eat: Chunk             |       |       |     9 |     3 ||    12
       Fruit             |       |       |       |     4 ||     4
       Pizza             |       |       |       |     1 ||     1
